 Dungeon Crawl Stone Soup version 0.30.1-1-g62c8e00024 (webtiles) character file.

Game seed: 9639618422065906846

665 monsoonserge the Covered (level 7, -7/54 HPs)
             Began as a Demonspawn Warper on July 15, 2023.
             Was an Initiate of Ru.
             Mangled by an orc warrior
             ... wielding a +0 glaive
              (15 damage)
             ... on level 5 of the Dungeon.
             The game lasted 00:12:05 (3617 turns).

monsoonserge the Covered (Demonspawn Warper)        Turns: 3617, Time: 00:12:06

Health: -7/54      AC: 10    Str: 17    XL:     7   Next: 31%
Magic:  10/10      EV: 11    Int: 16    God:    Ru [......]
Gold:   42         SH:  0    Dex: 11    Spells: 8/10 levels left

rFire   . . .        a - +0 quarterstaff (spect)
rCold   . . .        (shield currently unavailable)
rNeg    . . .        J - +1 leather armour "Oleypn" {Stlth+}
rPois   .            A - +0 helmet
rElec   .            I - +1 cloak
rCorr   .            p - +0 pair of gloves
SInv    +            m - +0 pair of boots
Will    .....        (no amulet)
Stlth   ++           h - +6 ring of strength
HPRegen 0.29/turn    j - ring of see invisible
MPRegen 0.12/turn

%: no passive effects
@: attractive, flying, hasted, very quick
A: foul stench 1, talons 1, clumsy 1, screaming 1
a: Renounce Religion, Sacrifice Courage, Sacrifice Artifice, Sacrifice
Experience, Reject Sacrifices


You were on level 5 of the Dungeon.
You worshipped Ru.
Ru was noncommittal.
You visited 1 branch of the dungeon, and saw 5 of its levels.

You collected 286 gold pieces.
You spent 244 gold pieces at shops.

Inventory:

Hand Weapons
 a - a +0 spectral quarterstaff (weapon)
 b - a +0 triple crossbow
 s - a +0 hand axe
 t - a +0 dagger of venom
 H - a +2 quarterstaff of chaos
Missiles
 d - 7 boomerangs of dispersal (quivered)
 C - 6 poisoned darts
Armour
 m - a +0 pair of boots (worn)
 p - a +0 pair of gloves (worn)
 A - a +0 helmet (worn)
 I - a +1 cloak (worn)
 J - the +1 leather armour "Oleypn" (worn) {Stlth+}
   (You bought it in a shop on level 4 of the Dungeon)

   Stlth:     It makes you more stealthy.
Jewellery
 h - a +6 ring of strength (left hand)
 j - a ring of see invisible (right hand)
 u - a ring of positive energy
Scrolls
 c - 3 scrolls of blinking
 e - a scroll of immolation {unknown}
 g - 6 scrolls of identify {unknown}
 o - a scroll of fog {unknown}
 r - 2 scrolls of silence {unknown}
 y - 2 scrolls of amnesia {unknown}
 D - a scroll of acquirement {unknown}
 E - a scroll of poison {unknown}
 G - a scroll of vulnerability {unknown}
Potions
 k - a potion of magic {unknown}
 l - a potion of mutation
 n - a potion of curing {unknown}
 w - a potion of attraction
 x - 2 potions of heal wounds
 z - a potion of flight
 B - a potion of degeneration {unknown}


   Skills:
 + Level 4.0 Fighting
 - Level 2.0 Axes
 - Level 3.0 Staves
 + Level 0.8 Throwing
 - Level 5.0 Armour
 - Level 2.0 Dodging
 + Level 1.0 Stealth
 - Level 2.0 Spellcasting
 + Level 3.2 Translocations


You had 8 spell levels left.
You knew the following spells:

 Your Spells              Type           Power      Damage    Failure   Level
a - Blink                 Tloc           24%        N/A       10%         2

Your spell library contained the following spells:

 Spells                   Type           Power      Damage    Failure   Level
 Lesser Beckoning         Tloc           24%        N/A       10%         2
 Teleport Other           Tloc           12%        N/A       19%         3
 Necrotise                Necr           4%         1d4       24%         1
 Vhi's Electric Charge    Tloc/Air       12%        N/A       36%         3
 Manifold Assault         Tloc           12%        N/A       54%         4
 Vampiric Draining        Necr           1%         2d6       58%         3
 Agony                    Necr           1%         N/A       100%        5


Dungeon Overview and Level Annotations

Branches:
Dungeon (5/15)
 Temple: D:4-7

Altars:
Cheibriados
Gozag
Kikubaaqudgha
Nemelex Xobeh
Ru
Xom
Yredelemnul

Shops:
D:4 *!**


Innate Abilities, Weirdness & Mutations

You may rarely emit foul miasma when damaged in melee.
You have sharp toenails.
You are clumsy. (Dex -2)
You occasionally shout uncontrollably at your foes.


Message History

An adder comes into view.
The gnoll is attracted toward you.
The orc warrior is attracted toward you.
The adder is attracted toward you.
It was a potion of flight.
You feel very buoyant.
You fly up into the air.
The gnoll closely misses you.
The orc priest hits you with a +0 flail.
The orc priest is attracted toward you. The adder is attracted toward you.
It was a potion of haste.
You feel yourself speed up. The orc priest barely misses you.
The gnoll closely misses you. The adder is attracted toward you.
The adder hisses angrily.
You hit the adder.
The adder is heavily wounded.
Your +0 spectral quarterstaff hits the adder.
You kill the adder!
Unknown command.
You sock the orc priest!
The orc priest is severely wounded.
Your +0 spectral quarterstaff hits the orc priest!
You kill the orc priest!
The gnoll hits you with a +0 club.
Your Fighting skill increases to level 4!
Your Stealth skill increases to level 1!
You hit the gnoll.
The gnoll is lightly wounded.
Your +0 spectral quarterstaff hits the gnoll.
The orc warrior hits you from afar with a +0 glaive!
* * * LOW HITPOINT WARNING * * *
You barely miss the gnoll.
Your +0 spectral quarterstaff closely misses the gnoll.
The orc warrior barely misses you.
You completely miss the gnoll.
Your +0 spectral quarterstaff hits the gnoll.
You closely miss the gnoll.
The gnoll is lightly wounded.
Your +0 spectral quarterstaff hits the gnoll.
The orc warrior hits you from afar with a +0 glaive!
You die...

.......................#
.......................#
.......................#
.......................
......[...........
..................
..................
..................
..>......(@..##.##
......##g##.# .#
.....#gog ?.. . ....goo
..... ....#.. #...##
....##. ##... ... .. ..#
.. ##


You could see an orc warrior, 2 orc priests, 3 gnolls and a friendly +0 spectral
quarterstaff.

Vanquished Creatures
  A centaur (D:5)
  2 scorpions
  3 crimson imps (D:4)
  A jelly (D:4)
  2 orc priests
  Crazy Yiuf (D:4)
  2 iguanas (D:4)
  Robin (D:2)
  8 adders
  A white imp (D:4)
  2 dart slugs (D:4)
  8 orcs
  11 bats
  3 endoplasms
  8 giant cockroaches
  17 goblins
  5 hobgoblins
  2 jackals (D:1)
  6 quokkas
  10 ball pythons
  A frilled lizard (D:2)
  2 kobolds (D:3)
  3 rats
100 creatures vanquished.

Notes
Turn   | Place    | Note
-------+----------+-------------------------------------------
     0 | D:1      | monsoonserge the Demonspawn Warper began the quest for the
                  | Orb.
     0 | D:1      | Reached XP level 1. HP: 16/16 MP: 3/3
   212 | D:1      | Reached skill level 1 in Armour
   275 | D:1      | Gained mutation: You may rarely emit foul miasma when
                  | damaged in melee. [demonic ancestry]
   275 | D:1      | Reached XP level 2. HP: 22/22 MP: 5/5
   540 | D:1      | Learned a level 2 spell: Blink
   785 | D:2      | Noticed Robin
   799 | D:3      | Reached XP level 3. HP: 15/27 MP: 6/6
   887 | D:3      | Found a sacrificial altar of Ru.
   902 | D:3      | Became a worshipper of Ru the Awakened
   920 | D:3      | Found an opulent altar of Gozag.
   990 | D:3      | Found a snail-covered altar of Cheibriados.
   995 | D:3      | Found an ancient bone altar of Kikubaaqudgha.
  1300 | D:2      | Reached skill level 1 in Staves
  1307 | D:2      | Killed Robin
  1308 | D:2      | Reached skill level 2 in Armour
  1308 | D:2      | Reached XP level 4. HP: 12/34 MP: 7/7
  2095 | D:3      | Reached XP level 5. HP: 34/39 MP: 8/8
  2448 | D:4      | Found a sparkling altar of Nemelex Xobeh.
  2449 | D:4      | Found a basalt altar of Yredelemnul.
  2510 | D:4      | Found Natan's General Store.
  2517 | D:4      | Reached skill level 3 in Armour
  2573 | D:4      | Found a shimmering altar of Xom.
  2584 | D:4      | Paralysed by a crimson imp for 4 turns
  2591 | D:4      | Reached XP level 6. HP: 17/46 MP: 9/9
  2844 | D:4      | Found Huvvoc's Assorted Antiques.
  2888 | D:4      | Found Viech's Distillery.
  2896 | D:4      | Bought a potion of heal wounds for 55 gold pieces
  2912 | D:4      | Found a runed translucent door.
  2913 | D:4      | Noticed Crazy Yiuf
  3005 | D:4      | Reached skill level 4 in Armour
  3238 | D:4      | Found Ruidom's Assorted Antiques.
  3471 | D:4      | Killed Crazy Yiuf
  3541 | D:4      | Bought a distressingly furry leather armour for 189 gold
                  | pieces
  3541 | D:4      | Identified the +1 leather armour "Oleypn" {Stlth+} (You
                  | bought it in a shop on level 4 of the Dungeon)
  3575 | D:5      | Entered Level 5 of the Dungeon
  3596 | D:5      | Reached XP level 7. HP: 52/52 MP: 10/10
  3608 | D:5      | Reached skill level 5 in Armour
  3608 | D:5      | Gained mutation: You are clumsy. (Dex -2) [potion of
                  | mutation]
  3608 | D:5      | Gained mutation: You occasionally shout uncontrollably at
                  | your foes. [potion of mutation]
  3608 | D:5      | Gained mutation: You have sharp toenails. [potion of
                  | mutation]
  3614 | D:5      | Reached skill level 1 in Stealth
  3617 | D:5      | Mangled by an orc warrior

Illustrated notes

Levels and vault maps discovered:
D:1:      lemuel_arrival_muddy, layout_basic
D:2:      layout_basic, uniq_robin
D:3:      layout_loops_ring, nicolae_ru_awakened_eye,
          nicolae_overflow_hidden_temple
D:4:      layout_rooms, led_xom_imps, nicolae_overflow_squiral, serial_shops,
          shop, nicolae_shop_peninsula, nicolae_shop_waterfront, shop,
          nicolae_underground_beach, uniq_crazy_yiuf_cottage
D:5:      layout_basic, hangedman_decor_clover_reticule, uniq_grinder

Skill      XL: |  1  2  3  4  5  6  7 |
---------------+----------------------+-----
Translocations | 3 |  3.2
Armour         | 1 2 3 4 5 |  5.0
Dodging        | 2 |  2.0
Axes           | 2 |  2.0
Staves         | 1 2 3 |  3.0
Fighting       | 3 4 |  4.0
Stealth        | 1 |  1.0
Throwing       | |  0.8
Spellcasting   | |  2.0

Action                     |  1- 3 |  4- 6 |  7- 9 || total
---------------------------+-------+-------+-------++-------
  Melee: Hand axe          |    73 |       |       ||    73
         Quarterstaff      |    63 |   175 |    10 ||   248
    Use: Potion            |       |       |     4 ||     4
 Armour: Leather armour    |    19 |     4 |     6 ||    29
         Chain mail        |   127 |   112 |       ||   239
  Dodge: Dodged            |   117 |    71 |    12 ||   200
